[ AOE2 MATCH · #505490888 ]
UnrankedVietnamese vs Mongols
[ REPLAY ANALYSIS · EXTRACTED FROM THE RECORDED GAME ]
Feudal
—
Castle
—
Imperial
—
| APM avg | 40.2 |
| APM peak | 63 |
| eAPM avg | 13.5 |
| Villagers / military | 14 / 0 |
Focus
⚔️ 27.9% · 🌾 72.1%
Feudal
—
Castle
—
Imperial
—
| APM avg | 48.6 |
| APM peak | 56 |
| eAPM avg | 17.2 |
| Villagers / military | 14 / 0 |
Focus
⚔️ 16.5% · 🌾 83.5%
Feudal
—
Castle
—
Imperial
—
| APM avg | 27.6 |
| APM peak | 50 |
| eAPM avg | 10.2 |
| Villagers / military | 15 / 0 |
Focus
⚔️ 19.7% · 🌾 80.3%
Feudal
—
Castle
—
Imperial
—
| APM avg | 34.1 |
| APM peak | 57 |
| eAPM avg | 7.3 |
| Villagers / military | 10 / 0 |
Focus
⚔️ 17.4% · 🌾 82.6%
Feudal
—
Castle
—
Imperial
—
| APM avg | 37.2 |
| APM peak | 63 |
| eAPM avg | 12.5 |
| Villagers / military | 13 / 0 |
Focus
⚔️ 19.8% · 🌾 80.2%
Feudal
—
Castle
—
Imperial
—
| APM avg | 26.5 |
| APM peak | 62 |
| eAPM avg | 10.1 |
| Villagers / military | 18 / 0 |
Focus
⚔️ 14.5% · 🌾 85.5%
Match map
Initial resources + every placement click. Lines = walls · curves = elevation contours. ◆ gold · ⬟ stone · ● berries · ✦ relic · ◌ wall gap
Your base
[PSCH] wolverito's base
CTM | Crawly94's base
ChnebelSchnägg's base
[PSCH] Reh's base
Ux'Saintseko's base
Smoothed initial terrain · ◌ = detected wall gap · hover for details
Inputs per minute
— Ux'Tycho0201 - - [PSCH] wolverito
Build order — Ux'Tycho0201
28 actions detected in the replay
| 0:50 | Build | Town Center |
| 1:48 | Build | Palisade Wall |
| 1:53 | Build | Palisade Wall |
| 1:55 | Build | Palisade Wall |
| 1:58 | Build | Palisade Wall |
| 3:12 | Create | Villager (Male) |
| 3:12 | Create | Villager (Male) |
| 3:12 | Create | Villager (Male) |
| 3:13 | Create | Villager (Male) |
| 3:23 | Build | House |
| 4:16 | Create | Villager (Male) |
| 4:25 | Build | Palisade Wall |
| 4:25 | Build | Palisade Wall |
| 4:26 | Build | Palisade Wall |
| 4:27 | Build | Palisade Wall |
| 4:39 | Research | Loom |
| 4:40 | Create | Villager (Male) |
| 4:41 | Create | Villager (Male) |
| 5:32 | Create | Villager (Male) |
| 5:48 | Create | Villager (Male) |
| 6:20 | Create | Villager (Male) |
| 6:21 | Create | Villager (Male) |
| 6:26 | Build | House |
| 6:52 | Build | Lumber Camp |
| 6:57 | Create | Villager (Male) |
| 7:44 | Build | House |
| 7:56 | Create | Villager (Male) |
| 7:56 | Create | Villager (Male) |
Build order — [PSCH] wolverito
24 actions detected in the replay
| 0:47 | Build | Town Center |
| 1:52 | Build | House |
| 2:49 | Research | Loom |
| 2:49 | Create | Villager (Male) |
| 2:49 | Create | Villager (Male) |
| 2:50 | Create | Villager (Male) |
| 2:53 | Create | Villager (Male) |
| 3:37 | Build | House |
| 3:52 | Build | House |
| 4:15 | Create | Villager (Male) |
| 4:58 | Build | House |
| 5:14 | Create | Villager (Male) |
| 5:16 | Create | Villager (Male) |
| 5:31 | Build | Lumber Camp |
| 5:32 | Create | Villager (Male) |
| 5:40 | Create | Villager (Male) |
| 5:54 | Create | Villager (Male) |
| 5:59 | Create | Villager (Male) |
| 7:18 | Create | Villager (Male) |
| 7:20 | Create | Villager (Male) |
| 7:31 | Create | Villager (Male) |
| 7:39 | Build | House |
| 7:45 | Build | House |
| 7:56 | Build | House |
Build order — CTM | Crawly94
23 actions detected in the replay
| 0:49 | Build | Town Center |
| 2:20 | Build | House |
| 2:22 | Build | House |
| 3:22 | Create | Villager (Male) |
| 3:22 | Create | Villager (Male) |
| 3:34 | Create | Villager (Male) |
| 3:35 | Create | Villager (Male) |
| 5:23 | Create | Villager (Male) |
| 5:23 | Create | Villager (Male) |
| 5:39 | Create | Villager (Male) |
| 5:41 | Build | Lumber Camp |
| 6:12 | Create | Villager (Male) |
| 6:13 | Create | Villager (Male) |
| 6:26 | Research | Loom |
| 6:28 | Create | Villager (Male) |
| 6:29 | Create | Villager (Male) |
| 6:37 | Create | Villager (Male) |
| 6:38 | Create | Villager (Male) |
| 6:50 | Build | House |
| 7:14 | Create | Villager (Male) |
| 7:29 | Build | House |
| 7:30 | Build | House |
| 7:39 | Create | Villager (Male) |
Build order — ChnebelSchnägg
15 actions detected in the replay
| 0:51 | Build | Town Center |
| 3:15 | Create | Villager (Male) |
| 3:17 | Research | Loom |
| 3:24 | Create | Villager (Male) |
| 3:25 | Create | Villager (Male) |
| 3:29 | Create | Villager (Male) |
| 3:44 | Build | House |
| 4:45 | Create | Villager (Male) |
| 5:19 | Create | Villager (Male) |
| 5:58 | Build | Lumber Camp |
| 6:09 | Create | Villager (Male) |
| 6:28 | Create | Villager (Male) |
| 6:39 | Build | House |
| 7:15 | Create | Villager (Male) |
| 7:40 | Create | Villager (Male) |
Build order — [PSCH] Reh
23 actions detected in the replay
| 0:30 | Build | Town Center |
| 2:23 | Build | House |
| 2:48 | Create | Villager (Male) |
| 2:48 | Create | Villager (Male) |
| 2:48 | Create | Villager (Male) |
| 2:48 | Create | Villager (Male) |
| 3:55 | Build | Lumber Camp |
| 4:05 | Create | Villager (Male) |
| 4:48 | Build | House |
| 4:55 | Create | Villager (Male) |
| 5:16 | Build | House |
| 5:26 | Create | Villager (Male) |
| 5:41 | Build | House |
| 5:57 | Research | Loom |
| 6:04 | Build | House |
| 6:09 | Create | Villager (Male) |
| 6:10 | Create | Villager (Male) |
| 6:10 | Create | Villager (Male) |
| 6:40 | Build | House |
| 7:05 | Build | Mill |
| 7:10 | Create | Villager (Male) |
| 7:10 | Create | Villager (Male) |
| 7:11 | Create | Villager (Male) |
Build order — Ux'Saintseko
24 actions detected in the replay
| 0:12 | Build | Town Center |
| 2:42 | Create | Villager (Male) |
| 2:42 | Create | Villager (Male) |
| 2:42 | Create | Villager (Male) |
| 2:45 | Build | House |
| 2:46 | Build | House |
| 3:00 | Create | Villager (Male) |
| 3:34 | Create | Villager (Male) |
| 4:22 | Create | Villager (Male) |
| 4:58 | Build | Lumber Camp |
| 5:05 | Create | Villager (Male) |
| 5:34 | Create | Villager (Male) |
| 5:34 | Create | Villager (Male) |
| 5:36 | Create | Villager (Male) |
| 5:56 | Create | Villager (Male) |
| 6:07 | Build | House |
| 6:30 | Create | Villager (Male) |
| 7:15 | Build | Mill |
| 7:20 | Create | Villager (Male) |
| 7:20 | Create | Villager (Male) |
| 7:21 | Create | Villager (Male) |
| 7:50 | Create | Villager (Male) |
| 7:50 | Create | Villager (Male) |
| 7:51 | Create | Villager (Male) |
Match timeline
| 1:48 | Ux'Tycho0201 · wall_segment Palisade Wall x1 |
| 1:53 | Ux'Tycho0201 · wall_segment Palisade Wall x1 |
| 1:55 | Ux'Tycho0201 · wall_segment Palisade Wall x1 |
| 1:58 | Ux'Tycho0201 · wall_segment Palisade Wall x1 |
| 4:25 | Ux'Tycho0201 · wall_segment Palisade Wall x1 |
| 4:25 | Ux'Tycho0201 · wall_segment Palisade Wall x1 |
| 4:26 | Ux'Tycho0201 · wall_segment Palisade Wall x1 |
| 4:27 | Ux'Tycho0201 · wall_segment Palisade Wall x1 |
| 7:52 | [PSCH] Reh · resign |
[ AI ANALYSIS · 1 CREDIT ]
What really happened in this match?
Wolo.gg analyzes every decision: build order, eco, micro, common mistakes by bracket. Personalized analysis on WhatsApp or Discord in 30 seconds.
Civ guide
Vietnamese
Perfil
Ux'Tycho0201